 Dungeon Crawl Stone Soup version 0.29-a0-284-gf9362112df (webtiles) character file.

Game seed: 8221181627987495828

196 spaghetti the Changer (level 5, 0/33 (38) HPs)
             Began as a Deep Dwarf Transmuter on Mar 24, 2022.
             Was a Believer of Hepliaklqana.
             Slain by an orc
             ... wielding a +0 hand axe of electrocution
              (13 damage)
             ... on level 4 of the Dungeon.
             The game lasted 00:07:54 (3487 turns).

spaghetti the Changer (Deep Dwarf Transmuter)       Turns: 3487, Time: 00:07:55

HP:   0/33 (38)     AC:  2    Str: 15    XL:     5   Next: 45%
MP:   6/7           EV: 12    Int: 14    God:    Hepliaklqana [**....]
Gold: 226           SH:  0    Dex: 13    Spells: 1/7 levels left

rFire   . . .      SeeInvis .   k - +2 short sword (elec) {short}
rCold   . . .      Faith    .   (no shield)
rNeg    . . .      Spirit   .   a - +0 robe
rPois   .          Reflect  .   (no helmet)
rElec   .          Harm     .   r - scarf {+Inv}
rCorr   .          Rampage  .   (no gloves)
Will    .....                   (no boots)
Stlth   ++........              (no amulet)
HPRegen 0.00/turn               (no ring)
MPRegen 0.10/turn               (no ring)

@: wereblooded, heavily drained
A: reduced essence, damage resistance, heal wounds, sense surroundings 1, no
regeneration
a: Heal Wounds, Renounce Religion, Evoke Invisibility, Recall Ancestor, Ancestor
Identity


You were on level 4 of the Dungeon.
You worshipped Hepliaklqana.
Hepliaklqana was pleased with you.
You visited 1 branch of the dungeon, and saw 4 of its levels.

You collected 226 gold pieces.


Innate Abilities, Weirdness & Mutations

Your life essence is reduced to manifest your ancestor. (-10% HP)
You are resistant to damage.
You can heal yourself by infusing magical energy.
You passively map a small area around you.
You do not regenerate.


   Skills:
 - Level 0.8 Fighting
 - Level 2.1 Dodging
 + Level 1.2 Stealth
 - Level 2.6 Unarmed Combat
 - Level 1.7 Spellcasting
 + Level 3.1 Transmutations
 + Level 2.0 Fire Magic
 + Level 1.8 Poison Magic
 + Level 2.2 Invocations
 + Level 1.4 Evocations


You had one spell level left.
You knew the following spells:

 Your Spells              Type           Power      Damage    Failure   Level
a - Beastly Appendage     Tmut           20%        N/A       7%          1
b - Wereblood             Tmut           10%        N/A       10%         2
c - Ignite Poison         Fire/Tmut/Pois 7%         N/A       28%         3

Your spell library contained the following spells:

 Spells                   Type           Power      Damage    Failure   Level
 Poisonous Vapours        Pois/Air       6%         N/A       26%         2
 Spider Form              Tmut/Pois      8%         N/A       26%         3
 Corpse Rot               Necr/Air       2%         N/A       36%         2
 Conjure Flame            Conj/Fire      4%         6-21      43%         3
 Ice Form                 Ice/Tmut       5%         N/A       77%         4
 Sticky Flame             Conj/Fire      4%         2d3       85%         4

Inventory:

Hand Weapons
 c - a +0 hunting sling {sling}
   (You found it on level 1 of the Dungeon)
 g - a +0 dagger {short}
   (You took it off a goblin on level 1 of the Dungeon)
 h - a +0 dagger {short}
   (You found it on level 1 of the Dungeon)
 i - a +0 dagger {short}
   (You took it off a goblin on level 1 of the Dungeon)
 j - a +0 dagger {short}
   (You took it off a goblin on level 1 of the Dungeon)
 k - a +2 short sword of electrocution (weapon) {short}
   (You took it off a kobold on level 1 of the Dungeon)
Missiles
 d - 5 poisoned darts {throwing}
 l - 78 stones {throwing}
Armour
 a - a +0 robe (worn)
 r - a scarf of invisibility (worn)
   (You found it on level 3 of the Dungeon)
 t - a +2 scale mail of cold resistance
   (You took it off a kobold on level 3 of the Dungeon)
Magical Staves
 n - a staff of conjuration {!a@e2staff}
   (You found it on level 4 of the Dungeon)
Scrolls
 e - 3 scrolls of teleportation {unknown}
 f - 2 scrolls of fear {unknown}
 m - a scroll of immolation {unknown}
 p - a scroll of identify {unknown}
 u - a scroll of holy word {unknown}
Potions
 b - a potion of lignification {!q}
 q - 2 potions of flight

Dungeon Overview and Level Annotations

Branches:
Dungeon (4/15)
 Temple: D:4-7

Altars:
Hepliaklqana

*
#.#..>.....###.####
,#.#.....##.# #.# #
#........# #.#
#.#.#.#.#### #.#
.#.#.....(.# #.#*
,*.#.#.......# #..,
* #.#.#)....# ###
,* #,#.#)....# *, *
* #o@.....# ,,,
#oR###### * #.o# *
, ,, ..## , * * #..
* , ,* ... , * #.#.
, *#.#. * * ,


You could see the friendly Taribatum the knight and 3 orcs.


Message History

You hear an angry hiss.
A ball python comes into view. 😮 MP[+1]
A ball python is nearby!
A ball python is nearby!
A ball python is nearby!
Casting: Wereblood (safe; 10% risk of failure)
Confirm with . or Enter, or press ? or * to list all spells.
Your blood is freshly infused with primal strength! 😮 MP[-2]
You lost 2 mp, and now have 4/7 mp.
You swap places.
The ball python bites you. The ball python grabs you.
The ball python constricts you.
You barely miss the ball python. The ball python bites you.
The ball python constricts you. 😮 HP[-1] MP[+1]
You take 1 damage, and now have 22/33 hp.
You barely miss the ball python. The ball python bites you.
The ball python constricts you. The ball python closely misses you.
The ball python constricts you.
Taribatum hits the ball python with a +0 flail!
The ball python dies!
Your primal bloodlust is almost over.
You swap places.
You now have 226 gold pieces (gained 10).
Your primal bloodlust has ended.
Key pressed, stopping explore.
You swap places.
Key pressed, stopping explore.
Found a stone staircase leading down. 😮 MP[+2]
Your mp is fully restored (7).
A goblin comes into view. It is wielding a +2 dagger of flaming.
Things that are here:
23 stones {throwing}; 5 poisoned darts {throwing} A goblin is nearby!
The goblin shouts!
You hear a shout! x2
Casting: Wereblood (safe; 10% risk of failure)
Confirm with . or Enter, or press ? or * to list all spells.
Your blood is infused with primal strength.
An orc comes into view. It is wielding a +0 hand axe.
A giant cockroach comes into view. 😮 MP[-2]
You lost 2 mp, and now have 5/7 mp.
You hit the goblin.
The goblin hits you with a +2 dagger of flaming.
The goblin burns you.
An orc comes into view. It is wielding a +0 mace.
Taribatum barely misses the orc.
You hit the goblin. Lightning courses through the goblin!
You feel a bit better.
You kill the goblin!
The orc hits you with a +0 hand axe.
The orc hits Taribatum but does no damage.
Taribatum hits the orc with a +0 flail. 😮 HP[-1]
You take 1 damage, and now have 21/33 hp.
An orc comes into view. It is wielding a +0 hand axe.
The orc shouts!
The orc closely misses you.
Taribatum blocks the orc's attack.
Taribatum hits the orc with a +0 flail!
The orc dies!
Things that are here:
a +2 dagger of flaming {short}; a goblin corpse You puncture the giant cockroach!
You feel a bit better.
You kill the giant cockroach!
An orc comes into view.
It is wielding a +0 hand axe of electrocution. 😮 HP[+2]
You regained 2 hp, and now have 23/33 hp.
The orc shouts!
You hear a shout!
You closely miss the orc.
You howl as the wereblood boils in your veins!
The orc closely misses you.
You closely miss the orc.
An orc comes into view. It is wielding a +0 short sword.
The orc hits you with a +0 mace!
Taribatum hits the orc with a +0 flail.
The orc hits Taribatum with a +0 mace.
The orc barely misses you. 😮 HP[-6]
You take 6 damage, and now have 17/33 hp.
You closely miss the orc.
Taribatum misses the orc.
The orc barely misses you.
The orc hits Taribatum but does no damage. 😮 MP[+1] Unknown command.
You closely miss the orc.
Taribatum barely misses the orc.
The orc closely misses you.
You completely miss the orc.
Taribatum hits the orc with a +0 flail.
The orc hits you with a +0 hand axe.
* * * LOW HITPOINT WARNING * * *
The orc barely misses you. The orc closely misses you. 😨 HP[-3]
You take 3 damage, and now have 14/33 hp.
You hit the orc. Lightning courses through the orc!!
You feel a bit better.
You kill the orc!
The orc misses you.
The orc hits Taribatum but does no damage.
The orc hits you with a +0 hand axe of electrocution.
* * * LOW HITPOINT WARNING * * *
You are electrocuted!
You die...

Skill      XL: |  1  2  3  4  5 |
---------------+----------------+-----
Transmutations | 2 3 |  3.1
Fire Magic     | 1 2 |  2.0
Poison Magic   | 1 |  1.8
Invocations    | 1 2 |  2.2
Stealth        | 1 |  1.2
Evocations     | 1 |  1.4
Fighting       | |  0.8
Dodging        | |  2.1
Unarmed Combat | |  2.6
Spellcasting   | |  1.7

Action                   |  1- 3 |  4- 6 || total
-------------------------+-------+-------++-------
Melee: Unarmed           |    56 |       ||    56
       Kick              |    10 |     1 ||    11
       Headbutt          |     6 |       ||     6
       Punch             |     3 |     1 ||     4
       Short sword       |    66 |    87 ||   153
 Cast: Beastly Appendage |    16 |     1 ||    17
       Wereblood         |    19 |    19 ||    38
Invok: Ancestor Life: Kn |     1 |       ||     1
 Abil: Evoke Invisibilit |       |     1 ||     1
  Use: Potion            |       |     4 ||     4
 Stab: Sleeping          |     2 |       ||     2
Armor: Robe              |    34 |     9 ||    43
Dodge: Dodged            |    71 |    61 ||   132

Levels and vault maps discovered:
D:1:      lemuel_arrival_broad_hall, layout_basic, minivault_27
D:2:      layout_basic, basic_ecumenical_altar
D:3:      layout_basic
D:4:      layout_loops_cross, minmay_temple_entry_nine_rooms,
          nicolae_inconvenience_store, uniq_duvessa

Notes
Turn   | Place    | Note
-------+----------+-------------------------------------------
     0 | D:1      | spaghetti the Deep Dwarf Transmuter began the quest for the
                  | Orb.
     0 | D:1      | Reached XP level 1. HP: 16/16 MP: 3/3
     0 | D:1      | magus.rc [v1.9.6]
    72 | D:1      | You add the spells Conjure Flame, Ignite Poison and Sticky
                  | Flame to your library.
    90 | D:1      | Reached skill level 2 in Transmutations
   201 | D:1      | Reached XP level 2. HP: 19/24 MP: 4/4
   372 | D:1      | Learned a level 2 spell: Wereblood
   569 | D:1      | Reached skill level 1 in Fire Magic
   824 | D:1      | Reached XP level 3. HP: 23/30 MP: 2/5
  1043 | D:2      | Reached skill level 1 in Poison Magic
  1156 | D:2      | Found a faded altar of an unknown god.
  1221 | D:2      | Prayed at the altar of an unknown god.
  1221 | D:2      | Became a worshipper of Hepliaklqana the Forgotten
  1221 | D:2      | Reached * piety under Hepliaklqana
  1922 | D:3      | Reached ** piety under Hepliaklqana
  1923 | D:3      | Remembered your ancestor Taribatum as a knight
  2027 | D:3      | Reached XP level 4. HP: 30/33 MP: 3/6
  2061 | D:3      | Reached skill level 1 in Invocations
  2066 | D:3      | Reached skill level 3 in Transmutations
  2083 | D:3      | Learned a level 3 spell: Ignite Poison
  2692 | D:3      | You pick up a book of Vapours and begin reading...
  2692 | D:3      | You add the spells Poisonous Vapours and Corpse Rot to your
                  | library.
  3017 | D:3      | Reached XP level 5. HP: 31/38 MP: 2/7
  3135 | D:4      | HP: 2/38 [gnoll/+0 halberd (9)]
  3254 | D:4      | Reached skill level 1 in Stealth
  3254 | D:4      | Reached skill level 2 in Invocations
  3254 | D:4      | Reached skill level 1 in Evocations
  3256 | D:4      | Reached skill level 2 in Fire Magic
  3487 | D:4      | Slain by an orc

Vanquished Creatures
  A gnoll (D:4)
  3 adders
  A worm (D:3)
  3 dart slugs
  3 orcs
  3 ball pythons
  9 endoplasms
  4 giant cockroaches
  9 goblins
  11 hobgoblins
  2 quokkas
  8 bats
  4 frilled lizards
  4 kobolds
  7 rats
72 creatures vanquished.

Vanquished Creatures (collateral kills)
  An orc priest (D:3)
  2 gnolls (D:4)
  An adder (D:2)
  A dart slug (D:2)
  An orc (D:4)
  A bat (D:3)
  An endoplasm (D:3)
  A hobgoblin (D:2)
  A kobold (D:3)
  A ball python (D:4)
11 creatures vanquished.

Grand Total: 83 creatures vanquished

Table legend:
 A = Non-vault XP
 B = Vault XP
 C = Vault XP percentage of total XP
 D = Non-vault monster count
 E = Vault monster count
 F = Vault count percentage of total count
                 A         B        C        D         E       F
            +---------+---------+-------+---------+---------+-------
      Total |     283 |       0 |   0.0 |      83 |       0 |   0.0
            +---------+---------+-------+---------+---------+-------
        D:1 |      44 |       0 |   0.0 |      24 |       0 |   0.0
        D:2 |      49 |       0 |   0.0 |      20 |       0 |   0.0
        D:3 |     103 |       0 |   0.0 |      27 |       0 |   0.0
        D:4 |      87 |       0 |   0.0 |      12 |       0 |   0.0
            +---------+---------+-------+---------+---------+-------

Illustrated notes

Table legend:
 A = Kills in this place as a percentage of kills in entire the game.
 B = Kills by you in this place as a percentage of kills by you in the entire game.
 C = Kills by friends in this place as a percentage of kills by friends in the entire game.
 D = Other kills in this place as a percentage of other kills in the entire game.
 E = Experience gained in this place as a percentage of experience gained in the entire game.
 F = Experience gained in this place divided by the number of levels of this place that you have seen.
                   A       B       C       D       E      F
               +-------+-------+-------+-------+-------+----------------------
         Total | 100.0 | 100.0 | 100.0 |   N/A | 100.0 |  70.8
       Dungeon | 100.0 | 100.0 | 100.0 |   N/A | 100.0 |  70.8
               +-------+-------+-------+-------+-------+----------------------

Table legend: (Time is in decaauts)
 A = Elapsed time spent in this place.
 B = Non-inter-level travel time spent in this place.
 C = Inter-level travel time spent in this place.
 D = Time resting spent in this place.
 E = Time spent auto-exploring this place.
 F = Levels seen in this place.
 G = Mean time per level.
                   A        B        C        D        E       F      G
               +--------+--------+--------+--------+--------+-----+--------+
         Total |   3499 |   3412 |     87 |    161 |   2672 |   4 |  874.8 |
       Dungeon |   3499 |   3412 |     87 |    161 |   2672 |   4 |  874.8 |
               +--------+--------+--------+--------+--------+-----+--------+

Top non-repeatable levels by time:
     D:3: 1362 daAuts
     D:1: 991 daAuts
     D:2: 889 daAuts
     D:4: 256 daAuts
